 Dungeon Crawl Stone Soup version 0.27.0-1-g7a089689b8 (webtiles) character file.

Game seed: 12870987530333675987

114 shadowrider38 the Chopper (level 4, -10/40 HPs)
             Began as a Hill Orc Fighter on Aug 3, 2021.
             Mangled by a gnoll (13 damage)
             ... on level 2 of the Dungeon.
             The game lasted 00:05:49 (2605 turns).

shadowrider38 the Chopper (Hill Orc Fighter)        Turns: 2605, Time: 00:05:50

Health: -10/40     AC:  6    Str: 19    XL:     4   Next: 97%
Magic:  4/4        EV:  7    Int:  8    God:
Gold:   64         SH:  9    Dex: 10    Spells: 3/3 levels left

rFire    . . .     SeeInvis .   a - +0 war axe
rCold    . . .     Faith    .   c - +0 kite shield
rNeg     . . .     Spirit   .   b - +0 scale mail
rPois    .         Reflect  .   (no helmet)
rElec    .         Harm     .   (no cloak)
rCorr    .         Rampage  .   (no gloves)
Will     .....                  (no boots)
Stlth    ..........             (no amulet)
HPRegen  0.13/turn              (no ring)
MPRegen  0.09/turn              (no ring)

@: no status effects
A: no striking features
a: no special abilities


You were on level 2 of the Dungeon.
You visited 1 branch of the dungeon, and saw 3 of its levels.

You collected 64 gold pieces.

Inventory:

Hand Weapons
 a - a +0 war axe (weapon)
Armour
 b - a +0 scale mail (worn)
 c - a +0 kite shield (worn)
Scrolls
 h - a scroll of blinking {unknown}
 i - a scroll of acquirement {unknown}
 j - a scroll of silence {unknown}
 m - a scroll of identify {unknown}
 n - a scroll of summoning {unknown}
 p - a scroll of noise {unknown}
 q - a scroll of teleportation {unknown}
Potions
 d - 2 potions of might
 e - a potion of resistance {unknown}
 f - 2 potions of curing {unknown}
 g - 2 potions of cancellation {unknown}
 k - a potion of lignification {unknown}
 l - a potion of haste {unknown}
 o - a potion of degeneration {unknown}


   Skills:
 - Level 3.8 Fighting
 + Level 6.2 Axes
 - Level 3.4 Armour
 - Level 3.4 Shields


You had 3 spell levels left.
You didn't know any spells.
Your spell library contained the following spells:

 Spells                   Type           Power      Damage    Failure   Level
 Corpse Rot               Necr/Air       N/A        N/A       100%        2
 Poisonous Vapours        Pois/Air       0%         N/A       100%        2
 Freezing Cloud           Conj/Ice/Air   0%         6-21      100%        5


Dungeon Overview and Level Annotations

Branches:
Dungeon (3/15)

Altars:

Shops:
D:3 [


Message History

You see here a +0 leather armour.
A gnoll and an orc come into view.
The gnoll is wielding a +1 flail of protection.
The orc shouts!
The gnoll shouts!
You hear a shout!
A gnoll comes into view. It is wielding a +0 spear. x2
An orc comes into view. It is wielding a +0 hand axe.
There is a stone staircase leading up here.
You climb upwards.
There is a stone staircase leading down here.
You closely miss the gnoll.
The gnoll hits you with a +1 flail of protection! x2
You barely miss the gnoll. The gnoll barely misses you.
You hit the gnoll but do no damage. The gnoll barely misses you.
The gnoll hits you but does no damage.
You hit the gnoll but do no damage.
The gnoll hits you with a +1 flail of protection.
You hit the gnoll.
The gnoll is lightly wounded.
You block the gnoll's attack.
You hit the gnoll but do no damage.
The gnoll is lightly wounded.
The gnoll hits you with a +1 flail of protection.
You block the gnoll's attack.
You closely miss the gnoll.
The gnoll is lightly wounded.
The gnoll barely misses you.
You barely miss the gnoll.
The gnoll is lightly wounded.
The gnoll hits you with a +1 flail of protection!
* * * LOW HITPOINT WARNING * * *
The gnoll hits you with a +1 flail of protection.
* * * LOW HITPOINT WARNING * * *
You hit the gnoll.
The gnoll is severely wounded.
The gnoll hits you with a +1 flail of protection.
* * * LOW HITPOINT WARNING * * *
You hit the gnoll but do no damage.
The gnoll is severely wounded.
The gnoll hits you with a +1 flail of protection!
You die...

###### #....... #....# #.######
#.##.#####.# ##.##.......# ####
##### #.....####### #...
#...###########.....# ##.##
#.#........†........# ### ##...#
#...###########g....###.###.#.#.
##.## ###@....##.#........ #.#
##.....#####)###.#.#. #.#
#......# #.# ##...# #.# #......#
#.# ##.## #.# #......# #.# #.##
#.# ##...#.#####.# #... #.####
##.##.......# #.## #....#
#.########## #.## ####.# #.#
#...


You could see a gnoll.

Vanquished Creatures
  3 gnolls
  An adder (D:2)
  A worm (D:2)
  5 dart slugs
  7 endoplasms
  A giant cockroach (D:1)
  6 goblins
  4 hobgoblins
  4 jackals
  A kobold (D:3)
  3 quokkas
  11 ball pythons
  3 bats
  3 frilled lizards
  3 rats
56 creatures vanquished.

Notes
Turn   | Place    | Note
-------+----------+-------------------------------------------
     0 | D:1      | shadowrider38 the Hill Orc Fighter began the quest for the
                  | Orb.
     0 | D:1      | Reached XP level 1. HP: 19/19 MP: 1/1
   171 | D:1      | Reached XP level 2. HP: 23/27 MP: 2/2
   243 | D:1      | Reached skill level 3 in Axes
   582 | D:1      | Reached XP level 3. HP: 31/33 MP: 3/3
   647 | D:1      | Reached skill level 4 in Axes
  1276 | D:1      | Reached skill level 5 in Axes
  1276 | D:1      | Reached XP level 4. HP: 27/40 MP: 4/4
  1551 | D:2      | Found a faded altar of an unknown god.
  2383 | D:3      | Reached skill level 6 in Axes
  2492 | D:3      | Found Diomasho's Antique Armour Emporium.
  2605 | D:2      | Mangled by a gnoll

Illustrated notes

Levels and vault maps discovered:
D:1:      saegor_arrival_simple_e, layout_loops_ring,
          kennysheep_decorative_pillar, chequers_hall_statues_wall_a
D:2:      layout_loops_ring, hellmonk_ecumenical_altar_zigzags
D:3:      layout_rooms, serial_shops, nicolae_shop_window_shopping, minivault_19

Skill      XL: |  1  2  3  4 |
---------------+-------------+-----
Axes           | 3 5 6 |  6.2
Fighting       | |  3.8
Armour         | |  3.4
Shields        | |  3.4

Action                   |  1- 3 |  4- 6 || total
-------------------------+-------+-------++-------
Melee: War axe           |    87 |    89 ||   176
Armor: Scale mail        |    48 |    31 ||    79
Dodge: Dodged            |    27 |    32 ||    59
Block: Kite shield       |    55 |    46 ||   101
